 Dungeon Crawl Stone Soup version 0.31-a0-986-g5e6e4ef867 (webtiles) character file.

Game seed: 12464919153103313299

1019 avis the Ducker (level 8, 33/33 HPs)
             Began as a Felid Shapeshifter on Nov 21, 2023.
             Was an Initiate of Gozag.
             Got out of the dungeon alive.
             The game lasted 00:23:48 (5576 turns).

avis the Ducker (Felid Shapeshifter)                Turns: 5576, Time: 00:23:49

Health: 33/33      AC:  2    Str: 10    XL:     8   Next: 2%
Magic:  12/12      EV: 21    Int: 14    God:    Gozag
Gold:   170        SH:  0    Dex: 15    Spells: 5/11 levels left
                                        Lives:  1   Deaths: 2

rFire   . .          .
                       - Unarmed
rCold   . . .        (shield unavailable)
rNeg    . . .        (body armour unavailable)
rPois   +            (helmet unavailable)
rElec   .            (cloak unavailable)
rCorr   .            (gloves unavailable)
SInv    +            (boots unavailable)
Will    ++...        (no amulet)
Stlth   +            o - ring of poison resistance
HPRegen 0.25/turn    p - ring of willpower
MPRegen 0.13/turn

%: no passive effects
@: flux-form, glowing, quick
A: glow, contaminating, very small, claws 1, fangs 3, see invisible, speed 1,
shaggy fur 2, stealthy paws, no weapons or thrown items, no armour, multi-lived
a: Begin Untransformation, Renounce Religion, Potion Petition, Call Merchant,
Bribe Branch


You escaped.
You worshipped Gozag.
Gozag was aware of your devotion.
You were something dangerously unstable.
You visited 2 branches of the dungeon, and saw 6 of its levels.

You collected 226 gold pieces.
You paid 56 gold pieces to Gozag.

Inventory:

Jewellery
 h - a ring of resist corrosion
 o - a ring of poison resistance (left paw)
 p - a ring of willpower (right paw)
Talismans
 b - a beast talisman
 c - a flux talisman (active)
Scrolls
 e - 2 scrolls of fog {unknown}
 f - 2 scrolls of vulnerability {unknown}
 k - 2 scrolls of enchant weapon {unknown}
 l - 2 scrolls of immolation {unknown}
 m - 2 scrolls of poison {unknown}
 n - a scroll of teleportation
 q - a scroll of noise {unknown}
 r - a scroll of silence {unknown}
 t - a scroll of revelation {unknown}
Potions
 a - a potion of lignification
 g - a potion of enlightenment
 i - 4 potions of invisibility
 j - a potion of curing
 s - a potion of brilliance
 u - a potion of magic


   Skills:
 - Level 2.0 Fighting
 * Level 7.7 Dodging
 - Level 3.0 Unarmed Combat
 + Level 2.4 Spellcasting
 - Level 3.0 Translocations
 - Level 7.0 Shapeshifting


You had 5 spell levels left.
You knew the following spells:

 Your Spells              Type           Power      Damage    Failure   Level
b - Blink                 Tloc           20%        N/A       10%         2
m - Manifold Assault      Tloc           10%        N/A       54%         4

Your spell library contained the following spells:

 Spells                   Type           Power      Damage    Failure   Level
 Sting                    Tmut/Pois      4%         1d3       22%         1
 Poisonous Vapours        Pois/Air       2%         N/A       34%         2
 Olgreb's Toxic Radiance  Pois           1%         N/A       92%         4


Dungeon Overview and Level Annotations

Branches:
Dungeon (5/15)             Temple (1/1) D:5

Altars:
Cheibriados
Dithmenos
Elyvilon
Gozag
Hepliaklqana
Nemelex Xobeh
Okawaru
Qazlal
Sif Muna
Trog
Uskayaw
Xom
Zin


Innate Abilities, Weirdness & Mutations

You are something dangerously unstable.
You glow with magical radiation, making you easy to see and hit.
Foes you strike become dangerously contaminated with magical radiation.
You have sharp claws.
You have razor-sharp teeth.
You have supernaturally acute eyesight. (SInv)
You cover ground quickly. (Speed+)
You are covered in thick fur. (AC +2)
Your paws help you pounce on unaware monsters.
You are incapable of wielding weapons or throwing items.
You cannot wear armour.
You gain extra lives every three experience levels.


Message History

You barely miss the ice beast.
The ice beast hits you but does no damage.
You scratch the ice beast.
The ice beast begins to glow.
The ice beast is lightly wounded.
The ice beast misses you.
You barely miss the ice beast.
The ice beast is lightly wounded.
The ice beast completely misses you.
You scratch the ice beast but do no damage.
The ice beast glows dangerously bright.
The ice beast is lightly wounded.
The ice beast hits you. The ice beast freezes you!
* * * LOW HITPOINT WARNING * * *
You scratch the ice beast.
The ice beast shudders as magic cascades through it!
The ice beast twists and deforms.
The ice beast is severely wounded.
You closely miss the ice beast.
The ice beast is severely wounded.
The ice beast hits you.
* * * LOW HITPOINT WARNING * * *
The ice beast freezes you.
You die...
Your shape twists and changes as you die.
You rejoin the land of the living...
What level of the Dungeon? (default 1, ? - help)
Things that are here:
a +0 ring mail; a +0 flail; a +0 mace
There is a stone staircase leading up here.
You climb upwards.
There is a stone staircase leading down here.
There is an escape hatch in the ceiling here.
A mysterious force pulls you upwards. The hatch slams shut behind you.
There is a stone staircase leading up here.
You climb upwards.
There is a stone staircase leading down here.
There is an open door here.
There is an open door here.
There is a staircase leading out of the dungeon here.
You have escaped!

#######
#p'...#
#.#.#.#
#.#.#.#
###
#.#.#.#
#.#
#.#.#.#
#.#
#.#.#.#
##'######
#.#.#.#
........#
#.#.#.#
....[...#
#.#.#.#


There were no monsters in sight!

Vanquished Creatures
  A water moccasin (D:5)
  Duvessa (D:4)
  A black bear (D:5)
  An ogre (D:5)
  2 scorpions (D:5)
  Dowan (D:4)
  4 hounds
  2 orc priests
  Jessica (D:3)
  4 orc wizards (D:5)
  7 adders
  3 worms
  2 dart slugs
  17 orcs
  6 endoplasms
  A giant cockroach (D:4)
  8 goblins
  4 hobgoblins
  8 jackals
  2 quokkas
  7 ball pythons
  2 frilled lizards
  3 kobolds
  5 rats
93 creatures vanquished.

Notes
Turn   | Place    | Note
-------+----------+-------------------------------------------
     0 | D:1      | avis the Felid Shapeshifter began the quest for the Orb.
     0 | D:1      | Reached XP level 1. HP: 9/9 MP: 2/2
    99 | D:1      | Reached XP level 2. HP: 13/13 MP: 3/3
  1084 | D:2      | Reached XP level 3. HP: 15/16 MP: 4/4
  1773 | D:2      | Learned a level 2 spell: Blink
  1881 | D:3      | Found a faded altar of an unknown god.
  2170 | D:3      | Reached skill level 1 in Translocations
  2170 | D:3      | Reached XP level 4. HP: 18/19 MP: 5/5
  2503 | D:3      | Noticed Jessica
  2518 | D:3      | Reached skill level 5 in Dodging
  2518 | D:3      | Reached skill level 1 in Spellcasting
  2520 | D:3      | Killed Jessica
  2868 | D:4      | Reached XP level 5. HP: 15/22 MP: 7/7
  3472 | D:4      | Noticed Duvessa
  3472 | D:4      | Noticed Dowan
  3505 | D:4      | Killed Duvessa
  3506 | D:4      | Gained mutation: You are covered in thick fur. (AC +2)
                  | [Felid growth]
  3506 | D:4      | Reached XP level 6. HP: 9/26 MP: 8/10
  3510 | D:4      | Killed Dowan
  3511 | D:4      | Reached skill level 5 in Shapeshifting
  3795 | D:4      | Learned a level 4 spell: Manifold Assault
  3808 | D:5      | Entered Level 5 of the Dungeon
  4055 | D:5      | HP: 1/26 [ogre/+0 giant club (18)]
  4214 | D:5      | Noticed an ice beast
  4481 | D:5      | Noticed a water moccasin
  4529 | D:5      | Killed a water moccasin
  4530 | D:5      | Reached XP level 7. HP: 22/30 MP: 11/11
  4992 | D:5      | Found a staircase to the Ecumenical Temple.
  5000 | Temple   | Found a transporter.
  5000 | Temple   | Found a transporter.
  5000 | Temple   | Found a transporter.
  5000 | Temple   | Found a transporter.
  5000 | Temple   | Entered the Ecumenical Temple
  5029 | Temple   | Became a worshipper of Gozag Ym Sagoz the Greedy
  5161 | D:5      | Killed from afar by an orc priest
  5201 | D:5      | Reached XP level 8. HP: 19/33 MP: 12/12
  5409 | D:4      | Slain by an ice beast
  5576 | D:$      | Got out of the dungeon alive.

Illustrated notes

Levels and vault maps discovered:
D:1:      wheals_arrival_linesprint, layout_basic, serial_glass,
          glass_columns_b, glass_columns_b, ebering_dispersal_statue_hall
D:2:      layout_basic
D:3:      layout_basic, nicolae_ecumenical_pavilion, uniq_jessica
D:4:      layout_loops_cross, uniq_duvessa
D:5:      layout_loops_ring, minmay_temple_entry_glassed_door,
          nicolae_kite_square_tiling_tiny, minmay_misc_feat_secret_circle
Temple:   hellmonk_temple_divided_pantheon

Skill      XL: |  1  2  3  4  5  6  7 |
---------------+----------------------+-----
Fighting       | 2 |  2.0
Dodging        | 3 4 6 7 |  7.7
Translocations | 1 2 3 |  3.0
Spellcasting   | 1 2 |  2.4
Shapeshifting  | 4 6 7 |  7.0
Unarmed Combat | |  3.0

Action                     |  1- 3 |  4- 6 |  7- 9 || total
---------------------------+-------+-------+-------++-------
  Melee: Unarmed           |    95 |   136 |    83 ||   314
         Bite              |     3 |    11 |    10 ||    24
         Punch             |     3 |     6 |       ||     9
    Use: Potion            |       |     2 |     2 ||     4
         Scroll            |       |       |     6 ||     6
   Stab: Sleeping          |     4 |     4 |       ||     8
 Armour: Skin              |    15 |    53 |    21 ||    89
  Dodge: Dodged            |    65 |    85 |    53 ||   203
   Form: Flux              |       |     1 |       ||     1

Table legend: (Time is in decaauts)
 A = Elapsed time spent in this place.
 B = Non-inter-level travel time spent in this place.
 C = Inter-level travel time spent in this place.
 D = Time resting spent in this place.
 E = Time spent auto-exploring this place.
 F = Levels seen in this place.
 G = Mean time per level.
                   A        B        C        D        E       F      G
               +--------+--------+--------+--------+--------+-----+--------+
         Total |   4698 |   3932 |    766 |    694 |   2216 |   6 |  783.0 |
       Dungeon |   4651 |   3885 |    766 |    694 |   2216 |   5 |  930.2 |
        Temple |     46 |     46 |      0 |      0 |      0 |   1 |   46.0 |
               +--------+--------+--------+--------+--------+-----+--------+

Top non-repeatable levels by time:
     D:4: 1162 daAuts
     D:2: 1074 daAuts
     D:5: 1021 daAuts
     D:3: 738 daAuts
     D:1: 655 daAuts
  Temple: 46 daAuts
